 Dungeon Crawl Stone Soup version 0.31-a0-986-g5e6e4ef867 (webtiles) character file.

Game seed: 9550276500055401317

249057 jasper the Black Belt (level 18, -9/131 HPs)
             Began as a Demonspawn Cinder Acolyte on Nov 4, 2023.
             Was the Champion of Lugonu.
             Killed from afar by a deep elf zephyrmancer (10 damage)
             ... with a bolt of lightning
             ... on level 1 of the Elven Halls.
             The game lasted 01:45:05 (48624 turns).

jasper the Black Belt (Demonspawn Cinder Acolyte)  Turns: 48624, Time: 01:45:06

Health: -9/131     AC: 41    Str: 14    XL:     18   Next: 87%
Magic:  0/27       EV: 18    Int: 19    God:    Lugonu [******]
Gold:   1294       SH: 17    Dex: 16    Spells: 14/19 levels left

rFire   + +          .
                       - Unarmed
rCold   + . .        U - +0 kite shield {AC+3}
rNeg    + . .        b - +8 pearl dragon scales
rPois   +            q - +1 helmet {SInv}
rElec   +            K - +2 cloak {Will+}
rCorr   .            D - +2 pair of gloves
SInv    +            y - +1 pair of boots {Fly}
Will    +++..        R - amulet of Syof {Faith Rampage *Slow Fly rElec} Stlth
                     B - ring "Mofrob" {rF++ AC+4 Int+2}
HPRegen 0.41/turn    u - ring of Trepidation {rPois rC+ Will+ SInv}
MPRegen 0.40/turn

%: slow self (1%), guardian spirit, rampage, faith
@: agile, flying
A: large bone plates 1, powered by pain 3, augmentation 1, magic shield, magic
regeneration, magic link, demonic touch 2, frail 1
}: 2/15 runes: decaying, serpentine
a: Renounce Religion, Depart the Abyss, Banish, Corrupt, Enter the Abyss, Brand
Weapon With Distortion


You were on level 1 of the Elven Halls.
You worshipped Lugonu.
Lugonu was exalted by your worship.
You visited 6 branches of the dungeon, and saw 31 of its levels.
You visited the Abyss 1 time.
You also visited: Trove and Gauntlet.

You collected 3686 gold pieces.
You spent 2392 gold pieces at shops.

Inventory:

Missiles
 E - 4 datura-tipped darts
 P - a throwing net
Armour
 b - +8 pearl dragon scales (worn)
 q - a +1 helmet of see invisible (worn)
 y - a +1 pair of boots of flying (worn)
 D - a +2 pair of gloves (worn)
 K - a +2 cloak of willpower (worn)
 T - a +0 kite shield of reflection
 U - a +0 kite shield of protection (worn)
Jewellery
 f - a +4 ring of slaying
 i - the ring of Weularoh {Fly rC+ rN+ Will+}
   (You found it in a treasure trove)

   [ring of flight]

   rC+:       It protects you from cold.
   rN+:       It protects you from negative energy.
   Will+:     It increases your willpower.
   Fly:       It grants you flight.
 o - a ring of positive energy
 u - the ring of Trepidation (right hand) {rPois rC+ Will+ SInv}
   (You found it on level 4 of the Swamp)

   [ring of poison resistance]

   rC+:       It protects you from cold.
   rPois:     It protects you from poison Will+: It increases your willpower.
   SInv:      It lets you see invisible.
 B - the ring "Mofrob" (left hand) {rF++ AC+4 Int+2}
   (You bought it in a shop on level 6 of the Dungeon)

   [ring of protection]

   AC+4:      It affects your AC (+4).
   Int+2:     It affects your intelligence (+2).
   rF++:      It greatly protects you from fire.
 I - a ring of protection from cold
 O - a ring of willpower
 R - the amulet of Syof (around neck) {Faith Rampage *Slow Fly rElec}
   (You found it in a Gauntlet)

   [amulet of faith]

   Faith:     It allows you to gain divine favour quickly.
   rElec:     It insulates you from electricity.
   Fly:       It grants you flight.
   *Slow:     It may slow you when you take damage.
   Rampage:   It bestows one free step when moving towards enemies.
Talismans
 G - a blade talisman
Wands
 g - a wand of roots (29)
 l - a wand of mindburst (13)
 r - a wand of charming (22)
 t - a wand of flame (82)
 v - a wand of digging (37)
 C - a wand of light (9)
 F - a wand of polymorph (8)
Scrolls
 a - 5 scrolls of fear
 c - a scroll of enchant weapon
 k - 9 scrolls of identify
 m - 5 scrolls of vulnerability
 s - a scroll of poison
 A - 9 scrolls of teleportation
 L - 7 scrolls of fog
 N - a scroll of enchant armour
 Q - 4 scrolls of silence
Potions
 d - 4 potions of enlightenment
 e - 4 potions of haste
 n - 2 potions of berserk rage
 p - 4 potions of ambrosia
 w - 3 potions of mutation
 z - 11 potions of curing
 H - 5 potions of lignification
 J - 5 potions of might
 M - 2 potions of invisibility
 S - 4 potions of magic
 V - 4 potions of brilliance
 X - 3 potions of heal wounds
 Z - 2 potions of resistance
Miscellaneous
 h - a tin of tremorstones (inert)
 j - a sack of spiders
 W - a lightning rod (inert)
 Y - a phantom mirror


   Skills:
 + Level 14.1 Fighting
 - Level 9.7 Armour
 + Level 12.3 Dodging
 + Level 13.5 Shields
 - Level 20.0 Unarmed Combat
 - Level 1.0 Spellcasting
 - Level 2.6 Fire Magic
 - Level 12.0 Invocations
 - Level 5.0 Evocations


You had 14 spell levels left.
You knew the following spells:

 Your Spells              Type           Power      Damage    Failure   Level
a - Swiftness             Air            0%         N/A       99%         3
b - Passwall              Tmut/Erth      0%         N/A       93%         2

Your spell library contained the following spells:

 Spells                   Type           Power      Damage    Failure   Level
 Scorch                   Fire           22%        2d5       61%         2
 Foxfire                  Conj/Fire      24%        2x1d5     65%         1
 Apportation              Tloc           0%         N/A       83%         1
 Freeze                   Ice            0%         1d3       83%         1
 Shock                    Conj/Air       0%         1d3       83%         1
 Cigotuvi's Dreadful Rot  Necr/Pois/Air  0%         N/A       93%         2
 Ensorcelled Hibernation  Hex/Ice        0%         N/A       93%         2
 Jinxbite                 Hex            0%         N/A       93%         2
 Static Discharge         Conj/Air       0%         3-3/arc   93%         2
 Inner Flame              Hex/Fire       6%         N/A       95%         3
 Volatile Blastmotes      Fire/Tloc      12%        2d11      95%         3
 Ignite Poison            Fire/Tmut/Pois 4%         N/A       97%         3
 Call Canine Familiar     Summ           0%         N/A       99%         3
 Dazzling Flash           Conj/Hex       0%         N/A       99%         3
 Frozen Ramparts          Ice            0%         1d1       99%         3
 Gell's Gravitas          Tloc           0%         N/A       99%         3
 Hailstorm                Conj/Ice       0%         3d3       99%         3
 Sigil of Binding         Hex            0%         N/A       99%         3
 Stone Arrow              Conj/Erth      0%         3d7       99%         3
 Teleport Other           Tloc           0%         N/A       99%         3
 Airstrike                Air            0%         2d(0-16)  100%        4
 Animate Armour           Summ/Erth      0%         N/A       100%        4
 Animate Dead             Necr           0%         N/A       100%        4
 Dimensional Bullseye     Hex/Tloc       0%         N/A       100%        4
 Dispel Undead            Necr           0%         3d6       100%        4
 Flame Wave               Conj/Fire      6%         2d5       100%        4
 Fulminant Prism          Conj/Hex       0%         3d5       100%        4
 Iskenderun's Mystic Bla  Conj/Tloc      0%         2d3       100%        4
 Leda's Liquefaction      Hex/Erth       0%         N/A       100%        4
 Sticky Flame             Conj/Fire      6%         2d3       100%        4
 Summon Ice Beast         Ice/Summ       0%         N/A       100%        4
 Summon Lightning Spire   Summ/Air       0%         N/A       100%        4
 Vhi's Electric Charge    Tloc/Air       0%         N/A       100%        4
 Agony                    Necr           0%         N/A       100%        5
 Alistair's Intoxication  Tmut/Pois      0%         N/A       100%        5
 Arcjolt                  Conj/Air       0%         1d10      100%        5
 Borgnjor's Vile Clutch   Necr/Erth      0%         N/A       100%        5
 Silence                  Hex/Air        0%         N/A       100%        5
 Yara's Violent Unravell  Hex/Tmut       0%         3d3       100%        5
 Death Channel            Necr           0%         N/A       100%        6
 Dispersal                Tloc           0%         N/A       100%        6
 Plasma Beam              Fire/Air       3%         2x1d13    100%        6
 Simulacrum               Ice/Necr       0%         N/A       100%        6
 Starburst                Conj/Fire      3%         6d3       100%        6
 Summon Cactus Giant      Summ           0%         N/A       100%        6
 Enfeeble                 Hex            0%         N/A       100%        7
 Malign Gateway           Summ/Tloc      0%         N/A       100%        7
 Ignition                 Fire           5%         3d4       100%        8
 Lehudib's Crystal Spear  Conj/Erth      0%         10d2      100%        8
 Maxwell's Capacitive Co  Air            0%         ∞         100%        8
 Summon Horrible Things   Summ           0%         N/A       100%        8


Dungeon Overview and Level Annotations

Branches:
Dungeon (15/15)            Temple (0/1) D:5            Lair (5/5) D:11
  Swamp (4/4) Lair:2        Snake (4/4) Lair:3        Slime (0/5) Lair:4
    Orc (2/2) D:10            Elf (1/3) Orc:2        Vaults (0/5) D:14
 Depths (0/4) D:15        Gauntlet (visited)

Altars:
Cheibriados
Dithmenos
Fedhas
Qazlal
Sif Muna
Trog
Vehumet
Wu Jian
Xom
Yredelemnul

Shops:
D:4 =   D:5 ?   D:6 *   D:12 *   D:15 !   Orc:2 *=[([(   Elf:1 (   Snake:1 :
Snake:2 (   Snake:4 [*[(

Annotations:
D:13 exclusion: orange crystal statue
D:15 Roxanne
Snake:1 2 transporters
Snake:4 corrupted
Elf:1 corrupted
Abyss:1 Aizul, Rupert, Saint Roka


Innate Abilities, Weirdness & Mutations

You are partially covered in large bone plates. (SH +4)
You are powered by pain.
Your magical and physical power is slightly enhanced at high health.
When hurt, damage is shared between your health and your magic reserves.
You regenerate magic rapidly.
When low on magic, you restore magic in place of health.
Your touch may inflict irresistible damage on your foes.
You are frail. (-10% HP)


Message History

The large abomination disappears in a puff of smoke!
The bolt of fire hits the death knight!
The deep elf pyromancer suffers a backlash!
The deep elf zephyrmancer points at you and mumbles some strange words.
The bolt of lightning hits the purple very ugly thing!!!
The bolt of lightning hits the deep elf knight!!
The deep elf knight dies!
The bolt of lightning hits the deep elf archer!!
The deep elf archer dies!
The bolt of lightning hits you! You resist.
* * * LOW HITPOINT WARNING * * *
The bolt of lightning misses you.
The deep elf zephyrmancer hits the worldbinder with a +0 long sword!
The ynoxinul gestures.
The lorocyproca hits the +0 flail of draining!!
The +0 flail of draining falls from the air.
The raiju bites the fire elemental.
The fire elemental is destroyed!
The fire elemental disappears in a puff of smoke!
The purple very ugly thing headbutts the deep elf zephyrmancer!
The deep elf high priest shoots an arrow.
The arrow hits the ufetubus!
The small abomination barely misses the deep elf archer.
You take 9 damage, and have 6/131 hp.
You now have 1/27 mp.
You feel better.
The fire bat misses the deep elf high priest.
The worldbinder hits the deep elf zephyrmancer. x2
The deep elf pyromancer casts a spell.
The deep elf pyromancer blinks!
The deep elf archer hits the small abomination but does no damage.
The deep elf knight hits the ufetubus with a +0 scimitar!
The ufetubus dies!
The ufetubus disappears in a puff of smoke!
The deep elf zephyrmancer casts a spell at you.
The bolt of lightning hits the purple very ugly thing!!
The bolt of lightning hits the fire bat!
The bolt of lightning hits you! You resist.
* * * LOW HITPOINT WARNING * * *
The bolt of lightning hits you! You resist.
You die...

#..# #..#).###...#..#..#'#####
#..######..#..#..#..#.....#......
#..........+..#..#..#..#..#......
#..........#..+..#.X#..#..#......
#..#+####.#3..#..#..5L.#..#......
#..#....#..#..#..+55s..#..#......
#..#....#..#...#.#5pX3.#..#######
#..'....#.....3##43##..#.........
#..#....#5.....h@xxX#..#.........
#..######..###q#§##x#..##########
.....e).)e)oe§○.eee#ex...........
.eoe.e)).).o#.#b2#E..e......(....
o)###'###)§)..#u)..e.e.#.........
.)8#....#.....e#.#####.........##
..8#....#.....###. ##.......##
Ee####..#....## [ ##.....##
e.8#.#..#...## #######


You could see a deep elf archer (empowered, repels missiles), a deep elf knight
(empowered), a deep elf high priest (brilliance aura), 3 deep elf zephyrmancers,
a fire elemental (summoned), a neutral starcursed mass (summoned, distracted), a
neutral purple very ugly thing (summoned, distracted), a neutral purple
draconian shifter (summoned, distracted), a neutral death knight (summoned,
reflects damage, distracted), a neutral lich (summoned, distracted), a neutral
lorocyproca (summoned, invisible, distracted), a neutral large abomination
(summoned, wandering), a neutral orb spider (summoned, distracted), a neutral
worldbinder (summoned, distracted), a neutral smoke demon (summoned,
distracted), a neutral raiju (summoned, distracted), 3 neutral ynoxinuls, a
neutral chaos spawn (summoned, distracted), 3 neutral small abominations, a
neutral fire bat (summoned, distracted), a neutral white imp (summoned,
distracted) and a neutral ufetubus (summoned, distracted).

Vanquished Creatures
  Bai Suzhen (Swamp:3)
  Mlioglotl (Lair:2)
  A tentacled monstrosity (Swamp:3)
  Frances (Swamp:1)
  3 thorn hunters
  Kirke (Swamp:1)
  Donald (Swamp:3)
  An azure jelly (Swamp:4)
  The ghost of SirDiesAlot the Cryomancer, an adept BaIE of Gozag (Swamp:4)
  2 nagarajas (Snake:4)
  The ghost of Bekk the Carver, a journeyman DsCK of Xom (Snake:3)
  2 ghouls (Swamp:3)
  An orc warlord (D:10)
  A quicksilver ooze (Gauntlet)
  A deep elf demonologist (Elf:1)
  7 eleionomae
  A minotaur (Gauntlet)
  8 bunyips
  A yaktaur captain (D:15)
  Josephine (Lair:4)
  A deep elf high priest (Elf:1)
  Fannar (D:10)
  2 salamander tyrants
  9 alligators
  An ogre mage (D:15)
  A ghost crab (Swamp:1)
  A vault guard (D:11)
  3 ice dragons
  2 spriggan air magi (Swamp:3)
  14 hydras
  5 catoblepae (Lair:3)
  18 anacondas
  2 dancing weapons
  3 two-headed ogres
  3 boulder beetles
  A centaur warrior (D:13)
  7 death yaks
  A deep troll earth mage (D:15)
  11 naga warriors
  10 naga sharpshooters
  4 occultists (D:12)
  Urug (Orc:1)
  2 orc high priests
  3 tengu warriors
  A spriggan berserker (Swamp:3)
  Nergalle (Orc:1)
  11 shock serpents
  8 spriggans
  2 deep elf knights (Elf:1)
  Sonja (Lair:4)
  6 salamander mystics
  2 skysharks
  A shadow wraith (D:14)
  2 sea snakes (Snake:4)
  4 skeletal warriors (D:15)
  3 spriggan druids
  9 goliath frogs
  9 bog bodies
  3 swamp dragons
  A deep troll (D:14)
  3 orc knights (Orc:1)
  2 lindwurms (Snake:4)
  3 deep elf archers (Elf:1)
  3 deep elf zephyrmancers
  2 arcanists
  15 mana vipers
  7 naga ritualists
  A necromancer (Gauntlet)
  6 orc sorcerers
  10 deep elf pyromancers
  19 ugly things
  A will-o-the-wisp (Swamp:3)
  4 manticores
  2 centaur zombies (D:12)
  32 salamanders
  6 cyclopes
  6 guardian serpents
  7 elephants
  14 naga magi
  49 black mambas
  A torpor snail (Lair:5)
  13 cane toads
  A gargoyle (D:10)
  An unseen horror (D:13)
  5 freezing wraiths
  An unseen horror (shapeshifter) (D:15)
  2 centaur skeletons (D:12)
  2 kobold demonologists
  8 komodo dragons
  6 rime drakes
  A komodo dragon (shapeshifter) (D:13)
  A tengu conjurer (D:14)
  An ice devil (Lair:4)
  A meliai (shapeshifter) (D:13)
  6 trolls
  10 tyrant leeches
  8 hornets
  2 polar bears
  A blink frog (shapeshifter) (D:15)
  14 blink frogs
  A centaur simulacrum (D:12)
  2 culicivoras (shapeshifter)
  An air elemental (Elf:1)
  3 shadows (Gauntlet)
  Eustachio (D:5)
  Sigmund (D:3)
  4 wraiths
  15 basilisks
  51 yaks
  11 wyverns
  2 hogs (Swamp:1)
  6 fire elementals
  2 steam dragons
  3 swamp worm simulacra (Swamp:4)
  A harpy simulacrum (Lair:4)
  11 vampire mosquitoes
  34 nagas
  7 wargs
  14 swamp worms
  17 hydra simulacra (Swamp:4)
  17 water moccasins
  A hell hound (Lair:5)
  2 acid dragons
  A sky beast (D:7)
  A swamp drake (Lair:2)
  6 black bears
  26 orc warriors
  4 ogres
  4 boggarts
  13 wolves
  7 centaurs
  A phantom (D:6)
  3 kobold brigands
  13 bullfrogs
  6 scorpions
  2 necrophages (Swamp:3)
  An earth elemental (Elf:1)
  A two-headed ogre simulacrum (Lair:4)
  6 wights
  An elephant simulacrum (Lair:4)
  15 killer bees
  6 electric eels
  9 howler monkeys
  3 lava snakes (Lair:3)
  2 jellies (D:6)
  5 hounds
  17 orc priests
  Crazy Yiuf (D:7)
  Jessica (D:3)
  5 iguanas
  2 sleepcaps (D:6)
  23 orc wizards
  7 hell rats (Lair:5)
  A spriggan simulacrum (Lair:4)
  14 adders
  4 gnolls (D:2)
  A naga simulacrum (Lair:4)
  A white imp (D:6)
  5 swamp drake simulacra (Swamp:4)
  2 ufetubi (D:5)
  3 dart slugs
  77 orcs
  3 ball pythons
  7 bats
  6 endoplasms
  A giant cockroach (D:3)
  8 goblins
  9 hobgoblins
  5 quokkas
  22 kobolds
  10 rats
1062 creatures vanquished.

Vanquished Creatures (collateral kills)
  A water moccasin (Lair:3)
1 creature vanquished.

Vanquished Creatures (others)
  2 naga warriors (Snake:4)
  A dancing weapon (Elf:1)
  An occultist (D:12)
  A naga sharpshooter (Snake:4)
  A deep elf knight (Elf:1)
  A naga ritualist (Snake:4)
  A deep elf archer (Elf:1)
  2 mana vipers (Snake:4)
  A cyclops (D:12)
  2 black mambas (Snake:4)
  A guardian serpent (Snake:4)
  6 bloated husks
  A troll (D:10)
  A tyrant leech (Swamp:1)
  An air elemental (Elf:1)
  2 water elementals (Elf:1)
  A fire elemental (Elf:1)
  3 nagas (Snake:4)
  2 swamp worms (Swamp:2)
  An orc warrior (Elf:1)
  An orc wizard (D:7)
  4 orcs
  5 starspawn tentacles (Snake:4)
42 creatures vanquished.

Grand Total: 1105 creatures vanquished

Notes
Turn   | Place    | Note
-------+----------+-------------------------------------------
     0 | D:1      | jasper the Demonspawn Cinder Acolyte began the quest for
                  | the Orb.
     0 | D:1      | Reached XP level 1. HP: 18/18 MP: 2/2
   207 | D:1      | Reached skill level 3 in Unarmed Combat
   207 | D:1      | Gained mutation: You sometimes gain a little power by
                  | taking damage. [demonic ancestry]
   207 | D:1      | Reached XP level 2. HP: 24/24 MP: 3/3
   411 | D:1      | Found a faded altar of an unknown god.
  1066 | D:2      | Reached skill level 1 in Dodging
  1066 | D:2      | Gained mutation: You sometimes gain power by taking damage.
                  | [demonic ancestry]
  1066 | D:2      | Reached XP level 3. HP: 29/29 MP: 4/4
  1314 | D:2      | Reached XP level 4. HP: 32/35 MP: 5/5
  1547 | D:2      | Reached skill level 4 in Unarmed Combat
  1937 | D:3      | Gained mutation: You are powered by pain. [demonic
                  | ancestry]
  1937 | D:3      | Reached XP level 5. HP: 34/42 MP: 6/6
  2332 | D:3      | Noticed Sigmund
  2410 | D:4      | Gained mutation: Your touch may inflict minor irresistible
                  | damage on your foes. [demonic ancestry]
  2410 | D:4      | Reached XP level 6. HP: 16/48 MP: 7/7
  2417 | D:4      | HP: 1/48 [poisoned by an orc]
  2556 | D:4      | Reached skill level 5 in Unarmed Combat
  2567 | D:4      | Found Qonuak's Jewellery Boutique.
  2875 | D:4      | Found a snail-covered altar of Cheibriados.
  2879 | D:4      | Found a shimmering blue altar of Sif Muna.
  3219 | D:4      | Found an ornate altar of the Wu Jian Council.
  3295 | D:4      | Bought a ring of poison resistance for 220 gold pieces
  3356 | D:4      | Learned a level 3 spell: Swiftness
  3385 | D:4      | Learned a level 2 spell: Passwall
  3386 | D:5      | Entered Level 5 of the Dungeon
  3387 | D:5      | Found Gubbopue's Magic Scroll Emporium.
  3395 | D:5      | Found a transporter.
  3395 | D:5      | Found a transporter.
  3647 | D:5      | Gained mutation: You regenerate magic rapidly. [demonic
                  | ancestry]
  3647 | D:5      | Reached XP level 7. HP: 44/55 MP: 8/8
  3647 | D:5      | Noticed Eustachio
  3741 | D:6      | Reached skill level 5 in Fighting
  3741 | D:6      | Reached skill level 6 in Unarmed Combat
  4082 | D:6      | Reached XP level 8. HP: 63/63 MP: 9/9
  4180 | D:6      | Found Pawuqer's Practical Paraphernalia.
  4239 | D:6      | Found a blossoming altar of Fedhas.
  4551 | D:6      | Reached skill level 7 in Unarmed Combat
  5158 | D:7      | Reached skill level 5 in Dodging
  5272 | D:7      | Reached skill level 8 in Unarmed Combat
  5457 | D:7      | Reached XP level 9. HP: 52/71 MP: 10/10
  5712 | D:7      | Found a runed translucent door.
  5713 | D:7      | Noticed Crazy Yiuf
  5718 | D:7      | Killed Crazy Yiuf
  6093 | D:3      | Noticed Jessica
  6114 | D:3      | Killed Jessica
  6284 | D:3      | Killed Sigmund
  6400 | D:5      | Killed Eustachio
  6401 | D:5      | Reached skill level 9 in Unarmed Combat
  6642 | D:5      | Found a staircase to the Ecumenical Temple.
  6717 | D:5      | Bought a scroll of poison for 52 gold pieces
  6720 | D:5      | Bought a scroll of identify for 26 gold pieces
  6720 | D:5      | Bought a scroll of identify for 26 gold pieces
  6720 | D:5      | Bought a scroll of identify for 26 gold pieces
  7211 | D:8      | Found a radiant altar of Vehumet.
  7374 | D:8      | Reached XP level 10. HP: 69/80 MP: 11/11
  7393 | D:8      | Reached skill level 10 in Unarmed Combat
  7663 | D:8      | Noticed an angel
  7668 | D:8      | Found a basalt altar of Yredelemnul.
  7670 | D:8      | Noticed a profane servitor
  8240 | D:9      | Noticed a two-headed ogre
  8249 | D:9      | Killed a two-headed ogre
  8527 | D:9      | Noticed a boulder beetle
  8533 | D:10     | Entered Level 10 of the Dungeon
  8593 | D:10     | Reached skill level 11 in Unarmed Combat
  9007 | D:10     | Reached XP level 11. HP: 88/89 MP: 12/12
  9883 | D:10     | Found a staircase to the Orcish Mines.
 10292 | D:10     | Found a shadowy altar of Dithmenos.
 10456 | D:11     | Noticed a boulder beetle
 10507 | D:13     | Identified the of Kongox
 10507 | Lair:5   | Identified the of Peaq
 10507 | Orc:1    | Entered Level 1 of the Orcish Mines
 10614 | Orc:1    | Noticed an orc sorcerer
 10670 | D:11     | Noticed a two-headed ogre
 10683 | D:11     | Killed a two-headed ogre
 10684 | D:11     | Reached skill level 12 in Unarmed Combat
 10732 | D:11     | Found a staircase to the Lair.
 10768 | D:11     | Reached skill level 1 in Shields
 10929 | D:11     | Reached skill level 10 in Fighting
 11033 | D:11     | Noticed a vault guard
 11051 | D:11     | Killed a vault guard
 11236 | D:11     | Found a portal to a secret trove of treasure.
 11357 | D:11     | Reached skill level 5 in Shields
 11656 | D:11     | Noticed a two-headed ogre
 11683 | D:11     | Killed a two-headed ogre
 11991 | Lair:1   | Entered Level 1 of the Lair of Beasts
 12257 | D:9      | Found a bloodstained altar of Trog.
 12361 | D:4      | Bought an amulet of regeneration for 330 gold pieces
 12816 | D:9      | Gained mutation: Your touch may inflict irresistible damage
                  | on your foes. [demonic ancestry]
 12816 | D:9      | Reached XP level 12. HP: 58/97 MP: 13/13
 14954 | Lair:2   | Found a staircase to the Swamp.
 15522 | Lair:3   | Noticed a catoblepas
 15729 | Lair:3   | Reached skill level 1 in Armour
 15766 | Lair:3   | Noticed a four-headed hydra
 15766 | Lair:3   | Noticed a catoblepas
 15783 | Lair:3   | Killed a four-headed hydra
 15784 | Lair:3   | Reached skill level 10 in Shields
 16013 | Lair:3   | Noticed a catoblepas
 16034 | Lair:3   | Killed a catoblepas
 16035 | Lair:3   | Reached skill level 5 in Armour
 16192 | Lair:3   | Noticed a catoblepas
 16418 | Lair:4   | Noticed a four-headed hydra
 16439 | Lair:4   | Killed a four-headed hydra
 16490 | Lair:4   | Gained mutation: You are partially covered in large bone
                  | plates. (SH +4) [demonic ancestry]
 16490 | Lair:4   | Reached XP level 13. HP: 93/103 MP: 14/14
 16750 | Lair:4   | Noticed Sonja
 16757 | Lair:4   | Killed Sonja
 17028 | Lair:4   | Noticed Josephine
 17040 | Lair:4   | Killed Josephine
 17170 | Lair:4   | Found a staircase to the Slime Pits.
 17375 | Lair:5   | Entered Level 5 of the Lair of Beasts
 17439 | Lair:5   | Reached skill level 1 in Evocations
 17772 | Lair:5   | Reached skill level 5 in Evocations
 18511 | Lair:5   | Identified the +1 robe of the Leaping Gods {*Corrode rC+++
                  | Will+ Archmagi}
 18535 | Lair:5   | Identified the ring "Cielaene" {Fire *Corrode rN+ Str+5}
 18612 | Lair:5   | Gained mutation: When hurt, damage is shared between your
                  | health and your magic reserves. [demonic ancestry]
 18612 | Lair:5   | Reached XP level 14. HP: 81/111 MP: 15/15
 19143 | Lair:5   | Reached skill level 13 in Unarmed Combat
 19960 | Lair:3   | Found a staircase to the Snake Pit.
 20440 | Orc:1    | Noticed an orc warlord
 20462 | Orc:1    | Noticed Fannar
 20466 | D:10     | Paralysed by an orc sorcerer for 4 turns
 20668 | D:10     | Killed Fannar
 20800 | D:10     | Killed an orc warlord
 21053 | D:12     | Found Gofi's Assorted Antiques.
 21076 | D:12     | Bought a potion of curing for 93 gold pieces
 21076 | D:12     | Bought a potion of haste for 310 gold pieces
 21076 | D:12     | Bought a scroll of teleportation for 93 gold pieces
 21280 | Abyss:3  | Cast into level 3 of the Abyss (an occultist)
 21294 | Abyss:3  | Found a corrupted altar of Lugonu.
 21303 | Abyss:3  | Fell from the grace of Ignis
 21303 | Abyss:3  | Became a worshipper of Lugonu the Unformed
 21303 | Abyss:3  | Reached * piety under Lugonu
 21303 | Abyss:3  | Reached ** piety under Lugonu
 21305 | D:12     | Escaped the Abyss
 21413 | D:12     | Reached skill level 1 in Invocations
 21925 | Orc:1    | Noticed Urug
 21939 | Orc:1    | Killed Urug
 21940 | Orc:1    | Reached skill level 5 in Invocations
 21986 | Orc:2    | Entered Level 2 of the Orcish Mines
 22354 | Orc:2    | Noticed Nergalle
 22489 | Orc:2    | Noticed Saint Roka
 22508 | Orc:1    | Killed Nergalle
 22845 | Orc:2    | Found Fioq Ygu's Weapon Emporium.
 22996 | Orc:2    | Banished Saint Roka
 23170 | Orc:2    | Found Jubafol's Armour Shop.
 23199 | Orc:2    | Reached XP level 15. HP: 99/116 MP: 18/21
 23302 | Orc:2    | Found Juobofuk's Antique Weapon Shoppe.
 23318 | Orc:2    | Found Efoekhoq's Antique Armour Shoppe.
 23379 | Orc:2    | Found a staircase to the Elven Halls.
 23392 | Orc:2    | Found Dufodeug's General Store.
 23398 | Orc:2    | Bought a scroll of teleportation for 39 gold pieces
 23407 | Orc:2    | Found Googea's Jewellery Shoppe.
 23678 | D:13     | Found a gate leading to a gauntlet.
 23684 | Gauntlet | Entered a Gauntlet
 23684 | Gauntlet | Found a transporter.
 23684 | Gauntlet | Found a transporter.
 23691 | Gauntlet | Found a transporter.
 23703 | Gauntlet | Found a transporter.
 23721 | Gauntlet | Found a transporter.
 23721 | Gauntlet | Found a transporter.
 23724 | Gauntlet | Found a transporter.
 23724 | Gauntlet | Found a transporter.
 23725 | Gauntlet | Found a transporter.
 23738 | Gauntlet | Found a transporter.
 23756 | Gauntlet | Found a transporter.
 23766 | Gauntlet | Found a transporter.
 23781 | Gauntlet | Found a transporter.
 23801 | Gauntlet | Found a transporter.
 23917 | Gauntlet | Reached skill level 10 in Invocations
 23979 | Gauntlet | Identified the amulet of Syof {Faith Rampage *Slow Fly
                  | rElec}
 24049 | Gauntlet | Identified the +4 dagger "Etuoj" {freeze, +Blink Int+2}
 24094 | Gauntlet | Identified the +10 shortbow "Zar Seqi" {speed, Will+ Int-5
                  | Dex+3 Stlth+}
 24303 | Gauntlet | Was forgiven by Ignis
 24374 | Gauntlet | Identified the +7 war axe "Daran" {heavy, rC+}
 24770 | D:11     | You paid a toll of +2 storm dragon scales to enter a
                  | treasure trove
 24771 | Trove    | Entered a treasure trove
 24783 | Trove    | Identified the ring of Weularoh {Fly rC+ rN+ Will+}
 24965 | D:6      | Bought the ring "Mofrob" {rF++ AC+4 Int+2} for 776 gold
                  | pieces
 26015 | D:13     | Found a runed translucent door.
 27156 | D:14     | Identified the +3 mace of Gravity {protect, rC+}
 27249 | D:14     | Reached skill level 14 in Unarmed Combat
 27896 | D:14     | Reached *** piety under Lugonu
 28339 | D:14     | Found a gate to the Vaults.
 28625 | D:15     | Entered Level 15 of the Dungeon
 28625 | D:15     | Noticed Roxanne
 28654 | D:15     | Found a stormy altar of Qazlal.
 28788 | D:15     | Reached skill level 10 in Dodging
 29368 | D:15     | Found a staircase to the Depths.
 29722 | D:15     | Found Wuasaac's Distillery.
 29734 | D:15     | Bought a potion of curing for 51 gold pieces
 29734 | D:15     | Bought a potion of heal wounds for 85 gold pieces
 29734 | D:15     | Bought a potion of might for 68 gold pieces
 29734 | D:15     | Bought a potion of might for 68 gold pieces
 29734 | D:15     | Bought a potion of might for 68 gold pieces
 29953 | Snake:1  | Entered Level 1 of the Snake Pit
 29996 | Snake:1  | Reached **** piety under Lugonu
 30385 | Snake:1  | Gained mutation: When low on magic, you restore magic in
                  | place of health. [demonic ancestry]
 30385 | Snake:1  | Reached XP level 16. HP: 98/127 MP: 21/25
 31214 | Snake:1  | Reached skill level 15 in Unarmed Combat
 31620 | Snake:1  | Found a transporter.
 31637 | Snake:1  | Found a transporter.
 31800 | Snake:1  | Found Vuuth's Self-Improvement Boutique.
 32222 | Snake:1  | Noticed Rupert
 32226 | Snake:1  | Banished Rupert
 32886 | Snake:1  | Reached skill level 16 in Unarmed Combat
 33832 | Snake:2  | Found Tapucorr's Weapon Shoppe.
 33842 | Snake:2  | Bought 4 datura-tipped darts for 61 gold pieces
 34584 | Snake:3  | Found a runed translucent gate.
 34584 | Snake:3  | Noticed Bekk's ghost (journeyman DsCK)
 34585 | Snake:3  | Found a runed translucent gate.
 34585 | Snake:3  | Found a runed translucent gate.
 35338 | Snake:3  | Reached skill level 17 in Unarmed Combat
 35672 | Snake:3  | Reached ***** piety under Lugonu
 35845 | Snake:3  | Killed Bekk's ghost
 35942 | Snake:3  | Identified the ring of the Monkey's Uncle {Contam rPois
                  | MP+9 Int+2}
 36624 | Snake:3  | Reached XP level 17. HP: 102/133 MP: 21/26
 36635 | Snake:3  | Identified the +0 scale mail "Reen" {+Inv}
 37002 | Snake:3  | Reached skill level 18 in Unarmed Combat
 37273 | Snake:4  | Entered Level 4 of the Snake Pit
 37605 | Snake:4  | Corrupted Snake:4
 37868 | Snake:4  | Identified the serpent talisman "Uchyc" {rF+}
 37868 | Snake:4  | Noticed Aizul
 37890 | Snake:4  | Banished Aizul
 38232 | Snake:4  | Found Cyife's Armour Boutique.
 38232 | Snake:4  | Found Cihuf's Assorted Antiques.
 38249 | Snake:4  | Found Waytseof's Antique Armour Boutique.
 38440 | Snake:4  | Found Lawuiseg's Weapon Shop.
 39139 | Snake:4  | Reached skill level 19 in Unarmed Combat
 41117 | Snake:4  | Reached skill level 20 in Unarmed Combat
 41184 | Snake:4  | Got a serpentine rune of Zot
 41387 | Swamp:1  | Entered Level 1 of the Swamp
 41425 | Swamp:1  | Noticed Mlioglotl
 41466 | Lair:2   | Killed Mlioglotl
 42370 | Swamp:1  | Noticed Kirke
 42426 | Swamp:1  | Reached ****** piety under Lugonu
 42437 | Swamp:1  | Noticed Frances
 42464 | Swamp:1  | Killed Frances
 42466 | Swamp:1  | Gained mutation: Your magical and physical power is
                  | slightly enhanced at high health. [demonic ancestry]
 42466 | Swamp:1  | Reached XP level 18. HP: 43/141 MP: 19/27
 42470 | Swamp:1  | Killed Kirke
 44838 | Swamp:3  | Noticed a tentacled monstrosity
 44852 | Swamp:3  | Killed a tentacled monstrosity
 45042 | Swamp:3  | Identified the +6 great mace "Zung" {distort, *Noise rElec
                  | Dex+4}
 45164 | Swamp:3  | Noticed Bai Suzhen
 45576 | Swamp:3  | Noticed Donald
 45589 | Swamp:3  | Killed Donald
 45858 | Swamp:3  | Killed Bai Suzhen
 45892 | Swamp:3  | Identified the +0 ring mail "Enginaech" {*Slow rCorr Str+2}
 46007 | Swamp:4  | Entered Level 4 of the Swamp
 46334 | Swamp:4  | Found a runed translucent door.
 46334 | Swamp:4  | Found a shimmering altar of Xom.
 46334 | Swamp:4  | Noticed SirDiesAlot's ghost (adept BaIE)
 46367 | Swamp:4  | Killed SirDiesAlot's ghost
 46370 | Swamp:4  | Identified the ring of Trepidation {rPois rC+ Will+ SInv}
 47000 | Swamp:4  | Got a decaying rune of Zot
 48232 | Crypt:3  | Identified the "Ungy"
 48232 | Crypt:3  | Identified the "Siaweur"
 48232 | Elf:1    | Identified the of Dimasequ
 48232 | Elf:1    | Identified the "Yshioc"
 48232 | Elf:1    | Entered Level 1 of the Elven Halls
 48371 | Elf:1    | Found Faschut's Antique Weapon Boutique.
 48438 | Elf:1    | Paralysed by an air elemental for 1 turns
 48586 | Elf:1    | Identified the +1 falchion of Fiolass {chaos, Int+4}
 48591 | Elf:1    | Noticed a Tzitzimitl
 48593 | Elf:1    | Gained mutation: You are frail. (-10% HP) [a cacodemon]
 48619 | Elf:1    | Corrupted Elf:1
 48619 | Elf:1    | Noticed a lich
 48623 | Elf:1    | HP: 6/131 [deep elf zephyrmancer/bolt of lightning (9)]
 48624 | Elf:1    | HP: 1/131 [deep elf zephyrmancer/bolt of lightning (10)]
 48624 | Elf:1    | Killed from afar by a deep elf zephyrmancer

Illustrated notes

Levels and vault maps discovered:
D:1:      onia_arrival_mini_maze_b, layout_basic,
          dilly_ecumenical_altar_fadedgnrine, minmay_misc_feat_cross,
          feat_on_display
D:2:      layout_basic
D:3:      layout_rooms, minmay_goblin_kobold_house, uniq_sigmund, uniq_jessica
D:4:      layout_cave_pods, nicolae_wu_jian_glorious_leap,
          mainiacjoe_overflow_big_doors, serial_shops, shop
D:5:      gammafunk_steamed_eel, layout_rooms, minmay_temple_entry_junction,
          serial_shops, shop, nrook_mini_backslash, uniq_eustachio
D:6:      layout_loops_ring, lemuel_coloured_pillars_altar,
          nicolae_alphabet_shops, grunt_decor_fettered, minmay_circle_x
D:7:      layout_loops_ring, serial_bayou_pond_c, uniq_crazy_yiuf_cottage
D:8:      layout_loops_ring, grunt_temple_overflow_holy_war, old_standard_altar
D:9:      layout_basic, mainiacjoe_overflow_large_starburst, serial_glass,
          glass_columns_a, glass_columns_b, glass_columns_c, glass_columns_a,
          glass_columns_a, glass_columns_c
D:10:     layout_gridville, kennysheep_little_box, minmay_orc_entry_guard_dogs
D:11:     layout_roguey, minmay_lair_entry_grove, enter_trove_5
D:12:     minmay_tri_stars, layout_rooms, serial_shops, nicolae_shop_crystal,
          hangedman_weighted_door, kennysheep_small_square
D:13:     layout_stronghold, gauntlet_entry_generic, minmay_crystal_box
D:14:     layout_grid_maze, david_vaults_4, ebering_dispersal_statue_hall
D:15:     hellmonk_depths_entry_around_the_bend, layout_rooms,
          grunt_qazlal_clouds, serial_shops, shop, minivault_20, uniq_roxanne
Lair:1:   layout_long_grid
Lair:2:   layout_gridlike, skrybe_swamp_entry_bodies, serial_bayou_shore_b
Lair:3:   layout_small_grid, nicolae_snake_entry_warm_welcome,
          grunt_forest_large_clearings, lemuel_fruit_tree
Lair:4:   dreamdust_isle_of_ice, layout_regular_city, dpeg_slime_entry_enclosed,
          lemuel_old_faithful, grunt_megastairs_3, uniq_sonja, uniq_josephine
Lair:5:   minmay_lair_end_frog_pond, layout_loops_ring, special_room
          [special_room_mythical_zoo], grunt_forest_stairs_basic
Swamp:1:  layout_basic_swamp, hangedman_swamp_ruin_wall, swamp_pool_1_2,
          infiniplex_staircase_pool_2, uniq_frances, uniq_mlioglotl, uniq_kirke
Swamp:2:  layout_falls_marsh, hangedman_swamp_blocks
Swamp:3:  nzn_winding_woodlands_cross [nzn_winding_woodlands_5x15_twine,
          nzn_winding_woodlands_5x15_pathside_ponds,
          nzn_winding_woodlands_5x15_longhouse,
          nzn_winding_woodlands_5x15_river_crossing,
          nzn_winding_woodlands_15x15_thick_spiral], layout_basic_swamp,
          serial_swamp_ruin, evilmike_swamp_ruin_rubble_2,
          hangedman_swamp_ruin_hall, uniq_donald, uniq_bai_suzhen
Swamp:4:  swamp_icy, layout_basic_swamp, ebering_ghost_xom, swamp_pool_1_2
Snake:1:  gammafunk_the_bubble [the_bubble_gammafunk_crates], layout_layer_cave,
          nicolae_shop_self_help, uniq_rupert
Snake:2:  layout_onion_interference, serial_shops, shop
Snake:3:  layout_cave_town, gammafunk_ghost_split
Snake:4:  snake_pit_salamanders_mu, layout_cave_town, serial_shops, shop,
          nicolae_snake_bzzzt, minmay_shop_star, grunt_megastairs_2, uniq_aizul
Orc:1:    layout_caves, uniq_urug, uniq_fannar
Orc:2:    grunt_orc_cross, layout_caves, serial_shops, nicolae_shop_tiny_glass,
          nicolae_shop_tiny_real_fake_doors
Elf:1:    minmay_the_grid_octo_tiled_octocenter_mashed
          [minmay_the_grid_octo_focus, minmay_the_grid_octo_toaster,
          minmay_the_grid_octo_teeth, minmay_the_grid_octo_vomiting_pacman,
          minmay_the_grid_octo_prize_single_spiral,
          minmay_the_grid_square_5x5_pentomino_r,
          minmay_the_grid_square_5x5_three, minmay_the_grid_square_5x5_shrine2,
          minmay_the_grid_square_5x5_one_wall], layout_onion_city, serial_shops,
          nicolae_shop_statue_plus, orc_legates, drop_trap

Skill      XL: |  1  2  3  4  5  6  7  8  9 10 11 12 13 14 15 16 17 18 |
---------------+-------------------------------------------------------+-----
Unarmed Combat | 3 4 5 6 8 9 11 12 13 14 17 20 | 20.0
Dodging        | 1 2 3 4 5 6 7 8 9 10 12 | 12.3
Fighting       | 4 5 6 7 9 10 11 12 14 | 14.1
Shields        | 6 10 11 12 13 | 13.5
Armour         | 6 8 9 |  9.7
Evocations     | 5 |  5.0
Invocations    | 9 12 | 12.0
Spellcasting   | |  1.0
Fire Magic     | |  2.6

Action                     |  1- 3 |  4- 6 |  7- 9 | 10-12 | 13-15 | 16-18 || total
---------------------------+-------+-------+-------+-------+-------+-------++-------
  Melee: Unarmed           |    63 |   162 |   325 |   954 |  2585 |  2631 ||  6720
         Punch             |       |     4 |    11 |    35 |       |       ||    50
         Touch             |       |     7 |    53 |    68 |       |       ||   128
   Fire: Sling             |       |     3 |       |       |       |       ||     3
  Throw: Dart              |       |     7 |    33 |    44 |    29 |       ||   113
         Boomerang         |       |       |       |       |     6 |       ||     6
 Invoke: Fiery Armour      |     4 |     3 |     3 |     3 |       |       ||    13
         Banish            |       |       |       |       |     8 |     7 ||    15
         Depart the Abyss  |       |       |       |       |     1 |       ||     1
         Corrupt           |       |       |       |       |       |     2 ||     2
  Evoke: Wand              |       |     3 |     3 |    18 |    13 |     1 ||    38
         Tin of tremorston |       |       |       |     2 |     7 |     6 ||    15
         Phantom mirror    |       |       |       |       |     1 |       ||     1
         Lightning rod     |       |       |       |       |       |    14 ||    14
         Sack of spiders   |       |       |       |       |       |     1 ||     1
    Use: Scroll            |       |     8 |     7 |     9 |    15 |     8 ||    47
         Potion            |       |     5 |       |     4 |     9 |     4 ||    22
   Stab: Petrified         |       |       |       |       |     4 |       ||     4
         Distracted        |       |       |       |       |       |     2 ||     2
 Armour: Robe              |     6 |       |       |       |       |       ||     6
         Scale mail        |    33 |    53 |       |       |       |       ||    86
         Ring mail         |       |    79 |   223 |   186 |       |       ||   488
         Acid dragon scale |       |       |       |   448 |   850 |       ||  1298
         Skin              |       |       |       |    24 |       |       ||    24
         Pearl dragon scal |       |       |       |       |   825 |  1879 ||  2704
  Dodge: Dodged            |    23 |    85 |   195 |   553 |   909 |   948 ||  2713
  Block: Kite shield       |     1 |       |       |   466 |  2067 |  2254 ||  4788

Table legend: (Time is in decaauts)
 A = Elapsed time spent in this place.
 B = Non-inter-level travel time spent in this place.
 C = Inter-level travel time spent in this place.
 D = Time resting spent in this place.
 E = Time spent auto-exploring this place.
 F = Levels seen in this place.
 G = Mean time per level.
                   A        B        C        D        E       F      G
               +--------+--------+--------+--------+--------+-----+--------+
         Total |  47664 |  44314 |   3350 |   6117 |  25377 |  34 | 1401.9 |
       Dungeon |  20252 |  18037 |   2215 |   1986 |  11061 |  15 | 1350.1 |
          Lair |   7705 |   7177 |    528 |    765 |   3805 |   5 | 1541.0 |
         Swamp |   5820 |   5636 |    184 |   1068 |   3271 |   4 | 1455.0 |
     Snake Pit |  10851 |  10522 |    329 |   1861 |   6011 |   4 | 2712.8 |
  Orcish Mines |   1921 |   1828 |     93 |    419 |    645 |   2 |  960.5 |
   Elven Halls |    369 |    369 |      0 |      0 |    231 |   1 |  369.0 |
         Abyss |     24 |     24 |      0 |      0 |     11 |   1 |   24.0 |
         Trove |     47 |     47 |      0 |      0 |      5 |   1 |   47.0 |
      Gauntlet |    671 |    671 |      0 |     15 |    336 |   1 |  671.0 |
               +--------+--------+--------+--------+--------+-----+--------+

Top non-repeatable levels by time:
 Snake:4: 3757 daAuts
 Snake:1: 2912 daAuts
    D:10: 2630 daAuts
 Snake:2: 2103 daAuts
 Snake:3: 2078 daAuts
    D:11: 1915 daAuts
 Swamp:3: 1902 daAuts
  Lair:2: 1817 daAuts
  Lair:3: 1816 daAuts
  Lair:5: 1811 daAuts
    D:14: 1790 daAuts
    D:13: 1727 daAuts
 Swamp:4: 1492 daAuts
 Swamp:1: 1399 daAuts
     D:9: 1393 daAuts
